 Dungeon Crawl Stone Soup version 0.31-a0-1-g4198be8af4 (webtiles) character file.

Game seed: 4642496548597028703

10315 lorenzova the Thaumaturge (level 11, -8/54 HPs)
             Began as a Deep Elf Conjurer on May 1, 2023.
             Was a Believer of Vehumet.
             Mangled by Erica
             ... wielding a +3 scimitar of flaming
              (15 damage)
             ... on level 10 of the Dungeon.
             The game lasted 00:45:51 (15570 turns).

lorenzova the Thaumaturge (Deep Elf Conjurer)      Turns: 15570, Time: 00:45:52

Health: -8/54      AC: 13    Str:  4    XL:     11   Next: 34%
Magic:  34/38      EV: 11    Int: 28    God:    Vehumet [**....]
Gold:   472        SH: 12    Dex: 13    Spells: 19/35 levels left

rFire   . . .        r - +0 whip (protect)
rCold   . . .        b - +2 buckler "Atzirhon" {rPois rF+ rN+}
rNeg    + + +        a - +0 robe
rPois   +            (no helmet)
rElec   .            v - +2 cloak "Eregec" {rPois rF- rN+++ Stlth+}
rCorr   .            (no gloves)
SInv    .            H - +1 pair of boots {Fly}
Will    +....        d - amulet of reflection
Stlth   +++          J - ring of magical power
HPRegen 0.29/turn    o - +4 ring of protection
MPRegen 0.26/turn

%: reflection
@: flying, slowed, very slow
A: iridescent scales 1, MP-powered wands
a: Renounce Religion


You were on level 10 of the Dungeon.
You worshipped Vehumet.
Vehumet was pleased with you.
You visited 2 branches of the dungeon, and saw 11 of its levels.
You also visited: Bailey.

You collected 776 gold pieces.
You spent 304 gold pieces at shops.

Inventory:

Hand Weapons
 r - a +0 whip of protection (weapon)
Armour
 a - a +0 robe (worn)
 b - the +2 buckler "Atzirhon" (worn) {rPois rF+ rN+}
   (You acquired it on level 7 of the Dungeon)

   rF:        It protects you from fire.
   rPois:     It protects you from poison.
   rN:        It protects you from negative energy.
 v - the +2 cloak "Eregec" (worn) {rPois rF- rN+++ Stlth+}
   (You found it in a bailey)

   rF:        It makes you vulnerable to fire.
   rPois:     It protects you from poison.
   rN:        It renders you almost immune to negative energy.
   Stlth:     It makes you more stealthy.
 H - a +1 pair of boots of flying (worn)
 L - +0 acid dragon scales
 M - an orb of light
Magical Staves
 c - a staff of earth
 K - a staff of cold
Jewellery
 d - an amulet of reflection (around neck)
 f - a +6 ring of strength
 g - the ring "Tavuda" {rN+ Dex+6}
   (You found it on level 3 of the Dungeon)

   [ring of dexterity]

   Dex:       It affects your dexterity (+6).
   rN:        It protects you from negative energy.
 l - an amulet of magic regeneration
 o - a +4 ring of protection (right hand)
 t - a +6 ring of intelligence
 u - a ring of protection from cold
 w - a +5 ring of evasion
 x - the ring of the Mauling Traitor {Fire rCorr}
   (You found it on level 5 of the Dungeon)

   [ring of fire]

   It enhances your fire magic.
   rF:        It protects you from fire.
   rC:        It makes you vulnerable to cold.
   rCorr:     It protects you from acid and corrosion.
 E - a ring of flight
 I - an amulet of faith
 J - a ring of magical power (left hand)
Wands
 D - a wand of polymorph (13)
 O - a wand of flame (30)
Scrolls
 e - 4 scrolls of poison
 h - 4 scrolls of enchant weapon
 i - 3 scrolls of noise
 j - 4 scrolls of magic mapping
 k - a scroll of silence
 p - a scroll of brand weapon
 q - 3 scrolls of amnesia
 y - 2 scrolls of fog
 P - 2 scrolls of teleportation
 Q - a scroll of identify
Potions
 m - 2 potions of ambrosia
 n - 2 potions of berserk rage
 s - 2 potions of might
 z - 5 potions of curing
 A - 2 potions of brilliance
 B - a potion of resistance {unknown}
 C - a potion of attraction {unknown}
 F - a potion of mutation
 G - 2 potions of flight
 N - a potion of cancellation {unknown}
 R - a potion of haste {unknown}


   Skills:
 - Level 2.4 Dodging
 - Level 2.4 Stealth
 + Level 3.4 Shields
 * Level 12.7 Spellcasting
 * Level 11.3 Conjurations
 - Level 6.0 Hexes
 - Level 6.0 Translocations
 + Level 2.6 Fire Magic
 + Level 5.5 Air Magic
 + Level 5.9 Earth Magic


You had 19 spell levels left.
You knew the following spells:

 Your Spells              Type           Power      Damage    Failure   Level
a - Magic Dart            Conj           100%       1d8       1%          1
b - Searing Ray           Conj           100%       2d8       1%          2
c - Iskenderun's Mystic   Conj/Tloc      60%        2d13      1%          4
d - Fulminant Prism       Conj/Hex       30%        3d16      1%          4
e - Scorch                Fire           64%        2d8       3%          2
k - Swiftness             Air            48%        N/A       1%          3

Your spell library contained the following spells:

 Spells                   Type           Power      Damage    Failure   Level
 Hailstorm                Conj/Ice       49%        3d11      1%          3
 Dazzling Flash           Conj/Hex       100%       N/A       1%          3
 Gell's Gravitas          Tloc           51%        N/A       1%          3
 Teleport Other           Tloc           51%        N/A       1%          3
 Ensorcelled Hibernation  Hex/Ice        68%        N/A       2%          2
 Passwall                 Tmut/Erth      28%        N/A       2%          2
 Summon Guardian Golem    Hex/Summ       34%        N/A       4%          3
 Manifold Assault         Tloc           51%        N/A       4%          4
 Summon Small Mammal      Summ           68%        N/A       5%          1
 Call Canine Familiar     Summ           17%        N/A       17%         3
 Olgreb's Toxic Radiance  Pois           17%        N/A       50%         4
 Dispersal                Tloc           25%        N/A       58%         6
 Discord                  Hex            25%        N/A       100%        8
 Disjunction              Tloc           25%        N/A       100%        8
 Ignition                 Fire           16%        3d6       100%        8


Dungeon Overview and Level Annotations

Branches:
Dungeon (10/15)            Temple (1/1) D:7             Orc (0/2) D:9
 Bailey (visited)
   Lair: D:8-11

Altars:
Ashenzari
Dithmenos
Fedhas
Kikubaaqudgha
Makhleb
Nemelex Xobeh
Qazlal
Ru
Trog
Vehumet
Wu Jian
Yredelemnul

Shops:
D:5 =   D:10 *

Annotations:
D:5 2 runed translucent doors
D:7 exclusion: downstairs
D:10 5 runed translucent doors, Erica; bmj180's ghost, novice MfIE; t4s4d4r's ghost, journeyman DjEE


Innate Abilities, Weirdness & Mutations

You are partially covered in iridescent scales. (AC +2)
You expend magic power (3 MP) to strengthen your wands.


Message History

The searing ray hits Erica.
Erica is lightly wounded.
Erica gestures at you while chanting. The lance of force hits you!
You are knocked back by the lance of force.
You slam into the stone wall!
The searing ray hits Erica but does no damage.
Erica is lightly wounded.
Erica points at you and mumbles some strange words.
You are confused.
You're too confused to cast spells.
Okay, then.
Unknown command.
You're too confused to cast spells.
Okay, then.
Unknown command.
Unknown command.
Erica mumbles some strange words.
Erica flickers and vanishes!
Deactivating autopickup; reactivate with Ctrl-A.
You hear some strange, mumbled words.
You are more confused.
Things that are here:
a +0 giant spiked club; a +0 dire flail of holy wrath; a two-headed ogre corpse You bump into the rock wall.
You see here a +0 whip.
Something hits you! Something burns you.
You're too confused to move!
Something hits you! Something burns you. Something hits you.
* * * LOW HITPOINT WARNING * * *
Something burns you.
* * * LOW HITPOINT WARNING * * *
You bump into the rock wall.
You feel less confused. Something hits you.
* * * LOW HITPOINT WARNING * * *
Something burns you.
* * * LOW HITPOINT WARNING * * *
Something hits you!
You die...

.............................#
...........>..############...#
..............#..........#...#
..###########.#..........#..##
.. #.#..........'..#.
#)#..........#..#.
#)#..........#..#.
#.#..........#..#. #
#@####.......#..#.
#.#....#.......#..#.
#.'....#......##..#.
#.#....#......#...#.
...'....#......#...## ...#
######...>..#..... ....
#......#..... ###
######'##..... +.............


There were no monsters in sight!

Vanquished Creatures
  Josephine (D:10)
  2 two-headed ogres
  An orc knight (Bailey)
  Joseph (D:8)
  A troll (D:7)
  A wyvern (D:7)
  16 yaks
  5 wraiths (D:10)
  An acid dragon (D:9)
  A water moccasin (D:6)
  A sky beast (D:7)
  A black bear (D:8)
  9 orc warriors
  An ogre (D:4)
  5 centaurs
  A phantom (D:7)
  A gnoll sergeant (D:5)
  7 bullfrogs
  3 kobold brigands
  3 scorpions
  5 wights (D:7)
  6 killer bees
  6 howler monkeys
  A gnoll bouda (D:5)
  7 orc priests
  A hound (D:2)
  A jelly (D:6)
  3 iguanas
  Terence (D:2)
  7 orc wizards
  8 gnolls (D:5)
  5 adders
  4 white imps
  An ufetubus (D:4)
  3 worms
  3 dart slugs
  34 orcs
  7 ball pythons
  15 endoplasms
  3 giant cockroaches
  10 goblins
  7 hobgoblins
  13 jackals
  7 quokkas
  4 bats
  A frilled lizard (D:3)
  31 kobolds
  3 rats
259 creatures vanquished.

Vanquished Creatures (others)
  37 fulminant prisms
  6 withered plants (D:10)
43 creatures vanquished.

Grand Total: 302 creatures vanquished

Notes
Turn   | Place    | Note
-------+----------+-------------------------------------------
     0 | D:1      | lorenzova the Deep Elf Conjurer began the quest for the
                  | Orb.
     0 | D:1      | Reached XP level 1. HP: 10/10 MP: 6/6
   231 | D:1      | Reached XP level 2. HP: 15/15 MP: 3/8
   441 | D:1      | Found a faded altar of an unknown god.
   897 | D:2      | Reached skill level 4 in Spellcasting
   897 | D:2      | Reached skill level 5 in Conjurations
   897 | D:2      | Reached XP level 3. HP: 3/19 MP: 1/10
   986 | D:2      | Learned a level 2 spell: Searing Ray
   990 | D:2      | Learned a level 3 spell: Swiftness
  1266 | D:2      | Noticed Terence
  1276 | D:2      | Killed Terence
  1277 | D:2      | Reached XP level 4. HP: 19/24 MP: 0/12
  1285 | D:2      | Gained mutation: You have a pair of small horns on your
                  | head. [potion of mutation]
  1285 | D:2      | Gained mutation: You have very sharp teeth. [potion of
                  | mutation]
  1285 | D:2      | Gained mutation: You are agile. (Dex +4, Str/Int -1)
                  | [potion of mutation]
  1286 | D:2      | Lost mutation: You are agile. (Dex +4, Str/Int -1) [potion
                  | of mutation]
  1286 | D:2      | Lost mutation: You have a pair of small horns on your head.
                  | [potion of mutation]
  1286 | D:2      | Lost mutation: You have very sharp teeth. [potion of
                  | mutation]
  1286 | D:2      | Gained mutation: You are resistant to electric shocks.
                  | (rElec) [potion of mutation]
  1286 | D:2      | Gained mutation: Your magical capacity is low. (-10% MP)
                  | [potion of mutation]
  1369 | D:2      | Reached skill level 5 in Spellcasting
  2095 | D:3      | Identified the ring "Tavuda" {rN+ Dex+6}
  2127 | D:3      | Reached XP level 5. HP: 28/28 MP: 8/13
  3454 | D:4      | Learned a level 4 spell: Iskenderun's Mystic Blast
  3459 | D:4      | Learned a level 4 spell: Fulminant Prism
  4054 | D:4      | Reached skill level 6 in Spellcasting
  4054 | D:4      | Noticed an ogre
  4072 | D:4      | Killed an ogre
  4073 | D:4      | Reached skill level 1 in Hexes
  4073 | D:4      | Reached skill level 1 in Translocations
  4073 | D:4      | Reached XP level 6. HP: 32/32 MP: 2/15
  4428 | D:5      | Entered Level 5 of the Dungeon
  4642 | D:5      | Found a stormy altar of Qazlal.
  4836 | D:5      | Found a runed translucent door.
  5291 | D:5      | Found a runed translucent door.
  5293 | D:5      | Noticed a vampire mosquito
  5322 | D:5      | Reached skill level 7 in Spellcasting
  5322 | D:5      | Reached XP level 7. HP: 35/36 MP: 2/17
  5575 | D:5      | Found a broken altar of Ashenzari.
  6131 | D:5      | Identified the ring of the Mauling Traitor {Fire rCorr}
  6145 | D:5      | Found a bloodstained altar of Trog.
  6169 | D:5      | Found Zoipheg's Jewellery Emporium.
  6465 | D:5      | Lost mutation: You are resistant to electric shocks.
                  | (rElec) [potion of mutation]
  6465 | D:5      | Lost mutation: Your magical capacity is low. (-10% MP)
                  | [potion of mutation]
  6465 | D:5      | Gained mutation: You expend magic power (3 MP) to
                  | strengthen your wands. [potion of mutation]
  6465 | D:5      | Gained mutation: You are partially covered in iridescent
                  | scales. (AC +2) [potion of mutation]
  6643 | D:6      | Reached skill level 1 in Earth Magic
  6661 | D:6      | Reached skill level 1 in Air Magic
  6852 | D:6      | Reached skill level 8 in Spellcasting
  6852 | D:6      | Reached XP level 8. HP: 23/41 MP: 12/22
  7920 | D:7      | Reached skill level 9 in Spellcasting
  8384 | D:7      | Found a staircase to the Ecumenical Temple.
  8392 | D:7      | Reached XP level 9. HP: 45/45 MP: 7/24
  8398 | Temple   | Entered the Ecumenical Temple
  8551 | Temple   | Became a worshipper of Vehumet
  8603 | D:7      | Reached skill level 5 in Hexes
  8932 | D:7      | Noticed a troll
  8938 | D:7      | Killed a troll
  9023 | D:7      | Found the +18 Lear's hauberk
  9198 | D:7      | Found an ornate altar of the Wu Jian Council.
  9328 | D:7      | Identified a scroll of acquirement
  9328 | D:7      | Acquired the +2 buckler "Atzirhon" {rPois rF+ rN+}
  9479 | D:8      | Noticed Joseph
  9746 | D:8      | Reached skill level 10 in Spellcasting
  9996 | D:8      | Found a flagged portal.
 10005 | Bailey   | Entered a bailey
 10025 | Bailey   | Noticed an orc knight
 10428 | Bailey   | Reached * piety under Vehumet
 10428 | Bailey   | Offered knowledge of Kiss of Death by Vehumet.
 10445 | Bailey   | Identified the +2 cloak "Eregec" {rPois rF- rN+++ Stlth+}
 10492 | Bailey   | Reached skill level 1 in Shields
 11030 | Bailey   | Killed an orc knight
 11031 | Bailey   | Reached skill level 5 in Translocations
 11031 | Bailey   | Reached XP level 10. HP: 50/50 MP: 12/26
 11589 | D:8      | Found a sacrificial altar of Ru.
 11943 | D:9      | Noticed a two-headed ogre
 11954 | D:9      | Killed a two-headed ogre
 11955 | D:9      | Reached skill level 11 in Spellcasting
 11955 | D:9      | Reached skill level 10 in Conjurations
 12290 | D:9      | Reached skill level 5 in Earth Magic
 12387 | D:9      | Reached ** piety under Vehumet
 12387 | D:9      | Offered knowledge of Scorch by Vehumet.
 12703 | D:9      | Learned a level 2 spell: Scorch
 12751 | D:8      | Killed Joseph
 13221 | D:8      | Reached skill level 1 in Fire Magic
 13222 | D:8      | Reached skill level 5 in Air Magic
 13497 | D:9      | Reached skill level 12 in Spellcasting
 13681 | D:9      | Found a staircase to the Orcish Mines.
 14072 | D:5      | Bought a ring of magical power for 280 gold pieces
 14140 | D:10     | Entered Level 10 of the Dungeon
 14167 | D:10     | Found Nucet's General Store.
 14172 | D:10     | Bought a scroll of identify for 24 gold pieces
 14777 | D:10     | Found a blossoming altar of Fedhas.
 14782 | D:10     | Found a runed translucent gate.
 14783 | D:10     | Found a runed translucent gate.
 14784 | D:10     | Found a runed translucent gate.
 14785 | D:10     | Noticed t4s4d4r's ghost (journeyman DjEE)
 14786 | D:10     | Noticed bmj180's ghost (novice MfIE)
 14897 | D:10     | Found a large runed translucent door.
 14898 | D:10     | Found a large runed translucent door.
 15085 | D:10     | Reached XP level 11. HP: 54/54 MP: 29/29
 15240 | D:10     | Noticed Josephine
 15244 | D:10     | Killed Josephine
 15392 | D:10     | Offered knowledge of Hailstorm by Vehumet.
 15510 | D:10     | Noticed a two-headed ogre
 15547 | D:10     | Killed a two-headed ogre
 15559 | D:10     | Noticed Erica
 15570 | D:10     | Mangled by Erica

Illustrated notes

Levels and vault maps discovered:
D:1:      minmay_arrival_diagonal_passages, layout_basic,
          dreamdust_ecumenical_altar_statues, hangedman_decor_slide_cut
D:2:      layout_loops_ring, grunt_ministairs_2, uniq_terence
D:3:      layout_basic, minivault_26
D:4:      layout_rooms
D:5:      lemuel_insect_pit, layout_basic, nicolae_overflow_crystal_walls,
          mainiacjoe_overflow_paths, nicolae_qazlal_general_emergency,
          serial_shops, shop
D:6:      layout_rooms
D:7:      layout_basic, pdpol_wu_jian_five_deadly_venoms,
          minmay_temple_entry_hall, hellmonk_guarded_unrand_lears
D:8:      layout_gridville, lemuel_tele_altar, enter_bailey_3, uniq_joseph
D:9:      layout_loops_cross, david_orc_2
D:10:     layout_irregular_city, fedhas_ov_isle_minmay, kennysheep_little_box,
          mainiacjoe_overflow_small_starburst, jmf_multi_god_temple2,
          gammafunk_ghost_cemetery, serial_shops, shop, uniq_erica,
          uniq_josephine
Temple:   chequers_temple_sunken

Skill      XL: |  1  2  3  4  5  6  7  8  9 10 11 |
---------------+----------------------------------+-----
Spellcasting   | 4 5 6 7 8 9 10 12 | 12.7
Conjurations   | 5 6 7 8 9 10 11 | 11.3
Hexes          | 1 2 3 4 6 |  6.0
Translocations | 1 2 4 5 6 |  6.0
Earth Magic    | 1 2 4 5 |  5.9
Air Magic      | 1 2 3 5 |  5.5
Shields        | 1 3 |  3.4
Fire Magic     | 1 2 |  2.6
Dodging        | |  2.4
Stealth        | |  2.4

Action                     |  1- 3 |  4- 6 |  7- 9 | 10-12 || total
---------------------------+-------+-------+-------+-------++-------
  Melee: Unarmed           |       |     2 |       |       ||     2
         Whip              |       |       |    14 |       ||    14
   Cast: Magic Dart        |    48 |   148 |   107 |    54 ||   357
         Searing Ray       |     2 |    15 |    39 |    21 ||    77
         Fulminant Prism   |       |       |    15 |    22 ||    37
         Iskenderun's Myst |       |       |    20 |    36 ||    56
    Use: Scroll            |       |     5 |     8 |     6 ||    19
         Potion            |       |     4 |     2 |       ||     6
 Armour: Skin              |       |     3 |       |       ||     3
         Robe              |       |     6 |    21 |     5 ||    32
  Dodge: Dodged            |     4 |    17 |    35 |     8 ||    64
  Block: Other             |     4 |     9 |    10 |       ||    23
         Reflection        |       |       |     7 |     5 ||    12
         Buckler           |       |       |    15 |    12 ||    27

Table legend: (Time is in decaauts)
 A = Elapsed time spent in this place.
 B = Non-inter-level travel time spent in this place.
 C = Inter-level travel time spent in this place.
 D = Time resting spent in this place.
 E = Time spent auto-exploring this place.
 F = Levels seen in this place.
 G = Mean time per level.
                   A        B        C        D        E       F      G
               +--------+--------+--------+--------+--------+-----+--------+
         Total |  15594 |  14972 |    622 |   7495 |   4405 |  12 | 1299.5 |
       Dungeon |  14104 |  13482 |    622 |   6573 |   4371 |  10 | 1410.4 |
        Temple |    169 |    169 |      0 |    129 |      0 |   1 |  169.0 |
        Bailey |   1320 |   1320 |      0 |    793 |     34 |   1 | 1320.0 |
               +--------+--------+--------+--------+--------+-----+--------+

Top non-repeatable levels by time:
     D:5: 2023 daAuts
     D:7: 1721 daAuts
     D:8: 1600 daAuts
     D:9: 1520 daAuts
    D:10: 1437 daAuts
  Bailey: 1320 daAuts
     D:6: 1290 daAuts
     D:4: 1240 daAuts
     D:3: 1237 daAuts
     D:2: 1123 daAuts
     D:1: 908 daAuts
  Temple: 169 daAuts
